 Dungeon Crawl Stone Soup version 0.27.1 (webtiles) character file.

Game seed: 11146474641504762756

1826 dtburroughs the Chopper (level 8, -5/109 HPs)
             Began as a Minotaur Berserker on Aug 22, 2021.
             Was a Priest of Trog.
             Slain by a wyvern (9 damage)
             ... on level 6 of the Dungeon.
             The game lasted 00:09:24 (6419 turns).

dtburroughs the Chopper (Minotaur Berserker)        Turns: 6419, Time: 00:09:25

Health: -5/109     AC: 10    Str: 23    XL:     8   Next: 86%
Magic:  7/7        EV: 12    Int:  6    God:    Trog [***...]
Gold:   219        SH:  0    Dex:  9    Spells: 7/7 levels left

rFire    . . .     SeeInvis .   z - +0 battleaxe
rCold    . . .     Faith    .   (shield currently unavailable)
rNeg     . . .     Spirit   .   A - +0 ring mail
rPois    .         Reflect  .   B - +1 hat
rElec    .         Harm     .   (no cloak)
rCorr    .         Rampage  .   q - +0 pair of gloves
Will     +++..                  e - +0 pair of boots
Stlth    ..........             (no amulet)
HPRegen  1.28/turn              u - ring of willpower
MPRegen  0.10/turn              (no ring)

@: berserking, strong-willed, regenerating, very quick
A: horns 2, retaliatory headbutt
a: Renounce Religion, Berserk, Trog's Hand


You were on level 6 of the Dungeon.
You worshipped Trog.
Trog was most pleased with you.
You visited 1 branch of the dungeon, and saw 6 of its levels.

You collected 219 gold pieces.

Inventory:

Hand Weapons
 a - a +0 hand axe
 s - a +2 whip of electrocution
 w - a +0 war axe
 z - a +0 battleaxe (weapon)
Armour
 b - a +0 animal skin
 e - a +0 pair of boots (worn)
 q - a +0 pair of gloves (worn)
 t - a +0 leather armour
 A - a +0 ring mail (worn)
 B - a +1 hat (worn)
Jewellery
 u - a ring of willpower (left hand)
Wands
 y - a wand of charming (4)
Scrolls
 c - a scroll of holy word {unknown}
 d - 5 scrolls of identify {unknown}
 f - 2 scrolls of acquirement {unknown}
 h - 3 scrolls of magic mapping {unknown}
 i - a scroll of noise {unknown}
 k - a scroll of amnesia {unknown}
 l - 2 scrolls of enchant armour {unknown}
 m - 2 scrolls of teleportation {unknown}
 p - 3 scrolls of fear {unknown}
 v - a scroll of enchant weapon {unknown}
 x - a scroll of fog {unknown}
Potions
 g - 2 potions of brilliance {unknown}
 j - a potion of haste {unknown}
 n - 2 potions of curing {unknown}
 o - a potion of berserk rage {unknown}
 r - 2 potions of might {unknown}


   Skills:
 + Level 7.4 Fighting
 + Level 7.4 Axes
 + Level 6.9 Armour
 + Level 6.2 Dodging
 + Level 3.2 Evocations


You had 7 spell levels left.
You didn't know any spells.
Your spell library was empty.

Dungeon Overview and Level Annotations

Branches:
Dungeon (6/15)             Temple (0/1) D:4

Altars:
Elyvilon
Ru
Uskayaw
Wu Jian
Yredelemnul
Zin


Innate Abilities, Weirdness & Mutations

You have a pair of horns on your head.
You reflexively headbutt those who attack you in melee.


Message History

You furiously retaliate!
You headbutt the wyvern. The wyvern bites you!
You slash the orc warrior!
You kill the orc warrior!
Trog accepts your kill.
You hit the wyvern. The wyvern misses you.
The orc priest mumbles some strange prayers to Beogh against you.
Beogh smites you! The wyvern misses you. You furiously retaliate!
You headbutt the wyvern.
The orc priest hits you with a +1 whip of pain.
The wyvern bites you.
The orc priest looks encouraged for a moment.
Things that are here:
a +0 halberd; a +0 chain mail; an orc corpse You slash the orc priest!
The orc priest is severely wounded.
You closely miss the orc priest. You hit the wyvern but do no damage.
The wyvern bites you!
* * * LOW HITPOINT WARNING * * *
The orc priest hits you but does no damage.
You writhe in agony.
* * * LOW HITPOINT WARNING * * *
The wyvern bites you.
* * * LOW HITPOINT WARNING * * *
The orc priest closely misses you.
The orc priest hits you but does no damage.
Your skin crawls.
You feel strong-willed. The wyvern completely misses you.
You furiously retaliate!
You headbutt the wyvern!
The orc priest hits you with a +0 dagger.
* * * LOW HITPOINT WARNING * * *
The orc priest hits you with a +1 whip of pain.
* * * LOW HITPOINT WARNING * * *
You writhe in agony.
* * * LOW HITPOINT WARNING * * *
A red film seems to cover your vision as you go berserk!
You feel yourself moving faster!
You feel mighty! The wyvern completely misses you.
The orc priest barely misses you. The wyvern bites you!
You die...

####### #.....# ###
#[....# ##o# #.....#
##@#....... #.....#
##l#o#......
#.....###.#...#.....
#.....##.#.....#..o.
#........#.≈≈≈.#....
#........#≈...≈# .o.
####.....#≈._.≈# ..
#.....#≈...≈# #
#.....#.≈≈≈.#.#


You could see a wyvern and 2 orc priests.

Vanquished Creatures
  Eustachio (D:4)
  An orc warrior (D:6)
  2 black bears
  An ice beast (D:5)
  A centaur (D:4)
  An ogre (D:5)
  Blork the orc (D:6)
  A scorpion (D:5)
  A wyvern skeleton (D:6)
  A water moccasin zombie (D:5)
  A water moccasin skeleton (D:6)
  2 centaur zombies (D:6)
  A bullfrog zombie (D:5)
  2 hounds (D:5)
  3 jellies
  2 orc priests (D:6)
  A gnoll shaman (D:5)
  2 bullfrog skeletons
  A centaur skeleton (D:5)
  A scorpion zombie (D:5)
  Ijyb (D:5)
  Natasha (thrice) (D:3)
  2 iguanas (D:4)
  An orc wizard (D:6)
  A howler monkey zombie (D:6)
  10 gnolls
  5 adders
  3 dart slugs
  5 orcs (D:6)
  8 ball pythons
  6 endoplasms
  14 giant cockroaches
  5 goblins
  11 hobgoblins
  6 jackals (D:2)
  5 kobolds
  A quokka (D:1)
  4 bats
  7 frilled lizards
  5 rats
130 creatures vanquished.

Notes
Turn   | Place    | Note
-------+----------+-------------------------------------------
     0 | D:1      | dtburroughs the Minotaur Berserker began the quest for the
                  | Orb.
     0 | D:1      | Reached XP level 1. HP: 19/19 MP: 0/0
   231 | D:1      | Reached XP level 2. HP: 27/27 MP: 1/1
   904 | D:2      | Reached ** piety under Trog
   917 | D:2      | Reached XP level 3. HP: 28/33 MP: 2/2
  1035 | D:2      | Found a white marble altar of Elyvilon.
  1701 | D:3      | Reached XP level 4. HP: 39/41 MP: 3/3
  1719 | D:3      | Found a faded altar of an unknown god.
  2271 | D:3      | Reached XP level 5. HP: 47/47 MP: 4/4
  2611 | D:3      | Found an ornate altar of the Wu Jian Council.
  2644 | D:3      | Noticed Natasha
  2650 | D:3      | Killed Natasha
  2961 | D:3      | Noticed Natasha
  2970 | D:3      | Killed Natasha
  2970 | D:3      | Reached *** piety under Trog
  3103 | D:3      | Noticed Natasha
  3109 | D:3      | Killed Natasha
  3163 | D:4      | Noticed a black bear
  3179 | D:4      | Killed a black bear
  3180 | D:4      | Reached skill level 5 in Fighting
  3180 | D:4      | Reached skill level 5 in Axes
  3180 | D:4      | Reached XP level 6. HP: 56/56 MP: 5/5
  3919 | D:4      | Found a staircase to the Ecumenical Temple.
  3920 | D:4      | Found a hide-covered altar of Uskayaw.
  3939 | D:4      | Noticed Eustachio
  3949 | D:4      | Killed Eustachio
  3950 | D:4      | Reached skill level 5 in Armour
  3950 | D:4      | Reached XP level 7. HP: 62/62 MP: 6/6
  4231 | D:5      | Entered Level 5 of the Dungeon
  4273 | D:5      | Reached skill level 1 in Evocations
  4458 | D:5      | Reached skill level 5 in Dodging
  4609 | D:5      | Noticed Ijyb
  4620 | D:5      | Killed Ijyb
  4669 | D:5      | Reached XP level 8. HP: 57/71 MP: 7/7
  4953 | D:5      | Found a glowing silver altar of Zin.
  5507 | D:5      | Found a basalt altar of Yredelemnul.
  5698 | D:6      | Noticed Blork the orc
  5703 | D:6      | Killed Blork the orc
  6375 | D:6      | Found a sacrificial altar of Ru.
  6418 | D:6      | HP: 2/73 [orc priest (2)]
  6419 | D:6      | Slain by a wyvern

Illustrated notes

Levels and vault maps discovered:
D:1:      dpeg_arrival_lava_temple_mockup, layout_rooms, serial_glass,
          glass_columns_c, glass_columns_c, glass_columns_b, glass_columns_a,
          glass_columns_a, glass_columns_a, minmay_tetromino_s4
D:2:      layout_rooms, basic_altar
D:3:      minmay_roachtagon, layout_basic, nzn_wu_jian_contemplation,
          ebering_ecumenical_altar_mist, uniq_natasha
D:4:      layout_basic, nicolae_uskayaw_suspiria, temple_statues, uniq_eustachio
D:5:      layout_gridville, yredelemnul_altar_generic, zin_treasury, uniq_ijyb
D:6:      layout_basic, nicolae_ru_awakened_eye, minmay_hedge_maze,
          eino_curves_04, uniq_blork_the_orc, uniq_prince_ribbit1

Skill      XL: |  1  2  3  4  5  6  7  8 |
---------------+-------------------------+-----
Axes           | 4 5 6 7 |  7.4
Fighting       | 4 5 6 7 |  7.4
Armour         | 3 4 5 6 |  6.9
Dodging        | 3 4 5 6 |  6.2
Evocations     | 1 3 |  3.2

Action                   |  1- 3 |  4- 6 |  7- 9 || total
-------------------------+-------+-------+-------++-------
Melee: Hand axe          |    76 |   105 |       ||   181
       Headbutt          |     8 |    20 |    30 ||    58
       War axe           |       |       |    63 ||    63
       Battleaxe         |       |       |    65 ||    65
Invok: Berserk           |       |     3 |     1 ||     4
       Trog's Hand       |       |     1 |     2 ||     3
Evoke: Wand              |       |     3 |       ||     3
 Stab: Distracted        |     1 |       |       ||     1
Armor: Animal skin       |    20 |    23 |       ||    43
       Leather armour    |       |       |    33 ||    33
       Ring mail         |       |       |    37 ||    37
Dodge: Dodged            |    73 |    81 |   100 ||   254
